 Dungeon Crawl Stone Soup version 0.32-a0-705-g60f233581c (webtiles) character file.

Game seed: 16627905964112248950

10403 Griffin23 the Carver (level 11, -2/95 HPs)
             Began as a Minotaur Fighter on Mar 14, 2024.
             Was an Elder of Nemelex Xobeh.
             Succumbed to a kobold brigand's curare-tipped dart
             ... on level 10 of the Dungeon.
             The game lasted 00:25:05 (11535 turns).

Griffin23 the Carver (Minotaur Fighter)            Turns: 11535, Time: 00:25:05

Health: -2/95      AC: 21    Str: 28    XL:     11   Next: 35%
Magic:  7/14       EV:  8    Int:  5    God:    Nemelex Xobeh [****..]
Gold:   702        SH:  6    Dex: 19    Spells: 10/10 levels left

rFire   + . .        a - +0 long sword
rCold   + . .        c - +0 buckler
rNeg    . . .        K - +0 plate armour
rPois   +            (helmet restricted)
rElec   +            J - +1 cloak
rCorr   +            B - +1 pair of gloves
SInv    .            y - +0 pair of boots
Will    .....        (no amulet) Stlth
                     q - +6 ring of dexterity
HPRegen 0.35/turn    C - +6 ring of strength
MPRegen 0.14/turn

%: no passive effects
@: lethally poisoned (-2 -> -12), resistant, slowed, very slow
A: horns 2, retaliatory headbutt
a: Renounce Religion, Draw Escape, Draw Destruction, Draw Summoning, Triple
Draw, Deal Four


You were on level 10 of the Dungeon.
You worshipped Nemelex Xobeh.
Nemelex Xobeh was greatly pleased with you.
You visited 1 branch of the dungeon, and saw 10 of its levels.

You collected 752 gold pieces.
You spent 50 gold pieces at shops.

Inventory:

Hand Weapons
 a - a +0 long sword (weapon)
Missiles
 z - a throwing net (quivered)
Armour
 b - a +0 scale mail
 c - a +0 buckler (worn)
 n - a +0 chain mail
 y - a +0 pair of boots (worn)
 B - a +1 pair of gloves (worn)
 J - a +1 cloak (worn)
 K - a +0 plate armour (worn)
Jewellery
 q - a +6 ring of dexterity (left hand)
 v - a ring of fire
 C - a +6 ring of strength (right hand)
 F - a ring of resist corrosion
 I - a ring of protection from cold
Wands
 o - a wand of charming (11)
 H - a wand of quicksilver (8)
 N - a wand of mindburst (6)
 P - a wand of iceblast (3)
Scrolls
 g - 2 scrolls of enchant armour
 h - a scroll of torment {unknown}
 i - 2 scrolls of teleportation
 m - 3 scrolls of immolation
 s - 2 scrolls of revelation
 t - a scroll of vulnerability {unknown}
 x - 2 scrolls of fog {unknown}
 A - a scroll of blinking {unknown}
 D - 2 scrolls of amnesia {unknown}
 E - a scroll of butterflies {unknown}
 G - a scroll of noise {unknown}
 L - 5 scrolls of identify
Potions
 d - 3 potions of might
 f - a potion of cancellation {unknown}
 j - 2 potions of haste
 k - 3 potions of resistance
 l - a potion of attraction {unknown}
 p - a potion of mutation {unknown}
 r - a potion of ambrosia {unknown}
 w - a potion of berserk rage {unknown}
 M - a potion of enlightenment {unknown}
 O - a potion of lignification {unknown}


   Skills:
 * Level 8.3 Fighting
 * Level 12.8 Long Blades
 * Level 11.6 Armour
 + Level 2.6 Dodging
 * Level 8.5 Shields
 * Level 6.1 Invocations
 + Level 0.3 Evocations


You had 10 spell levels left.
You didn't know any spells.
Your spell library contained the following spells:

 Spells                   Type           Power      Damage    Failure   Level
 Magic Dart               Conj           0%         1d3       99%         1
 Blink                    Tloc           0%         N/A       100%        2
 Jinxbite                 Hex            0%         N/A       100%        2
 Lesser Beckoning         Tloc           0%         N/A       100%        2
 Momentum Strike          Conj/Tloc      0%         3d8       100%        2
 Frozen Ramparts          Ice            0%         1d1       100%        3
 Ozocubu's Armour         Ice            0%         N/A       100%        3
 Stone Arrow              Conj/Erth      0%         3d7       100%        3
 Animate Armour           Summ/Erth      0%         N/A       100%        4
 Metabolic Englaciation   Hex/Ice        0%         N/A       100%        5
 Yara's Violent Unravell  Hex/Alch       0%         3d3       100%        5
 Enfeeble                 Hex            0%         N/A       100%        7
 Lehudib's Crystal Spear  Conj/Erth      0%         10d2      100%        8


Dungeon Overview and Level Annotations

Branches:
Dungeon (10/15)            Temple (0/1) D:6            Lair (0/5) D:9
    Orc: D:9-12

Altars:
Cheibriados
Dithmenos
Elyvilon
Fedhas
Gozag
Hepliaklqana
Kikubaaqudgha
Makhleb
Nemelex Xobeh
Okawaru
Qazlal
Ru
Sif Muna
Trog
Uskayaw
Vehumet
Wu Jian
Xom
Zin
The Shining One

Shops:
D:1 !


Innate Abilities, Weirdness & Mutations

You have a pair of horns on your head.
You reflexively headbutt those who attack you in melee.


Message History

Things that are here:
a +0 dagger; 5 stones The kobold brigand shouts!
Your -1 hand axe of venom hits the two-headed ogre!
The kobold brigand throws a curare-tipped dart.
The curare-tipped dart hits you.
You are poisoned.
You have difficulty breathing.
* * * LOW HITPOINT WARNING * * *
You feel yourself slow down.
The two-headed ogre hits your -1 hand axe of venom with a +0 giant spiked club.
The two-headed ogre hits your -1 hand axe of venom with a +0 giant spiked club!!
Your -1 hand axe of venom is destroyed!
Your -1 hand axe of venom disappears in a puff of smoke!
You feel better.
The kobold brigand throws a curare-tipped dart.
The curare-tipped dart hits you.
You are poisoned.
You have difficulty breathing.
* * * LOW HITPOINT WARNING * * *
You feel as though you will be slow longer.
The kobold brigand throws a curare-tipped dart.
The curare-tipped dart barely misses you.
You feel protected.
* * * LOW HITPOINT WARNING * * *
You feel extremely sick.
The two-headed ogre hits you with a +0 giant spiked club.
* * * LOW HITPOINT WARNING * * *
The two-headed ogre hits you but does no damage.
Okay, then.
You feel protected.
* * * LOW HITPOINT WARNING * * *
You feel very sick.
The two-headed ogre dies!
The centaur unwields a +0 shortbow.
The centaur hits you.
* * * LOW HITPOINT WARNING * * *
You block the centaur's attack.
You feel protected.
You die...
Your body disappears without a glow.

#..# ##. ##### #..## #..
..... #...# #.# .....#
#..###.# ...... #..[.#<###
......## #........#
.......# ##..)....#
.......## #####.......#
#..#'#..# ##..Wc@)))...#
...# #..###..######..#..?
#..#'#{..............)....
.......####.#######......$.
.......# #.# .......##
†#####..# #.# §# ##.....#
T# ###... c# ..#


You could see a wraith and a centaur.

Vanquished Creatures
  Josephine (D:10)
  A centaur warrior (D:7)
  Maurice (D:7)
  A komodo dragon (D:9)
  Maggie (D:7)
  A troll (D:9)
  Grinder (D:4)
  A hornet (D:10)
  2 shadows (D:9)
  4 wraiths (D:10)
  9 yaks
  3 wyverns
  3 steam dragons
  Menkaure (D:7)
  2 water moccasins (D:7)
  5 orc warriors
  3 sky beasts (D:7)
  4 ogres
  2 centaurs
  3 phantoms
  2 kobold brigands
  A gnoll sergeant (D:7)
  5 scorpions
  4 wights (D:9)
  8 killer bees
  2 howler monkeys (D:7)
  A bombardier beetle (D:4)
  2 hounds
  4 jellies
  2 gnoll boudas
  6 orc priests
  2 sleepcaps (D:5)
  7 iguanas
  11 orc wizards
  Robin (D:2)
  17 gnolls
  8 adders
  3 river rats (D:5)
  3 shadow imps
  2 white imps (D:7)
  2 ufetubi (D:5)
  2 ribbon worms
  A dart slug (D:1)
  33 orcs
  6 ball pythons
  6 bats
  7 endoplasms
  6 giant cockroaches
  5 hobgoblins
  4 jackals
  17 kobolds
  3 quokkas
  5 frilled lizards
  13 goblins
  3 rats
253 creatures vanquished.

Vanquished Creatures (collateral kills)
  A two-headed ogre (D:10)
1 creature vanquished.

Grand Total: 254 creatures vanquished

Notes
Turn   | Place    | Note
-------+----------+-------------------------------------------
     0 | D:1      | Griffin23 the Minotaur Fighter began the quest for the Orb.
     0 | D:1      | Reached XP level 1. HP: 19/19 MP: 0/0
   282 | D:1      | Reached XP level 2. HP: 27/27 MP: 1/1
   343 | D:1      | Found a faded altar of an unknown god.
   458 | D:1      | Found Zomonemoe's Distillery.
   465 | D:1      | Bought a potion of heal wounds for 50 gold pieces
   779 | D:1      | Prayed at the altar of an unknown god.
   779 | D:1      | Became a worshipper of Nemelex Xobeh the Trickster
   779 | D:1      | Reached * piety under Nemelex Xobeh
   779 | D:1      | Received a gift from Nemelex Xobeh
   923 | D:2      | Noticed Robin
   941 | D:2      | Reached XP level 3. HP: 19/33 MP: 2/2
   959 | D:2      | Killed Robin
   960 | D:2      | Reached skill level 3 in Long Blades
  2061 | D:2      | Received a gift from Nemelex Xobeh
  2477 | D:3      | Reached XP level 4. HP: 40/40 MP: 3/3
  2534 | D:3      | Reached ** piety under Nemelex Xobeh
  2613 | D:3      | Reached skill level 5 in Armour
  3030 | D:3      | Reached XP level 5. HP: 46/46 MP: 4/4
  3122 | D:3      | Found a sacrificial altar of Ru.
  3410 | D:4      | Noticed Grinder
  3425 | D:4      | Killed Grinder
  3426 | D:4      | Reached skill level 4 in Long Blades
  3426 | D:4      | Reached skill level 1 in Invocations
  3426 | D:4      | Reached XP level 6. HP: 43/53 MP: 4/6
  3531 | D:4      | Reached skill level 5 in Long Blades
  3588 | D:4      | Reached XP level 7. HP: 43/60 MP: 7/7
  3938 | D:4      | Noticed a wyvern
  3944 | D:4      | Killed a wyvern
  3945 | D:4      | Reached skill level 6 in Long Blades
  3945 | D:4      | Reached skill level 1 in Dodging
  3945 | D:4      | Reached skill level 5 in Shields
  4065 | D:4      | Found an ornate altar of the Wu Jian Council.
  4069 | D:4      | Found a hazy altar of Hepliaklqana.
  4208 | D:5      | Entered Level 5 of the Dungeon
  4291 | D:5      | Found a snail-covered altar of Cheibriados.
  4299 | D:5      | Reached skill level 5 in Fighting
  4307 | D:5      | Reached XP level 8. HP: 68/68 MP: 9/9
  4951 | D:4      | Reached skill level 7 in Long Blades
  5414 | D:5      | Reached *** piety under Nemelex Xobeh
  5708 | D:6      | Reached skill level 8 in Long Blades
  5806 | D:6      | Found a staircase to the Ecumenical Temple.
  5896 | D:6      | Noticed a +0 spear
  5897 | D:6      | Noticed a +0 falchion
  5897 | D:6      | Noticed a +0 spear
  5897 | D:6      | Noticed a +0 falchion
  5898 | D:6      | Noticed a +0 short sword
  6066 | D:6      | Found a burning altar of Makhleb.
  6222 | D:6      | Noticed a +0 dagger
  6224 | D:6      | Noticed a +0 dagger
  6224 | D:6      | Noticed a +0 short sword
  6238 | D:6      | Found a hide-covered altar of Uskayaw.
  6557 | D:7      | Noticed Menkaure
  6821 | D:7      | Killed Menkaure
  6822 | D:7      | Reached skill level 9 in Long Blades
  6983 | D:7      | Found an opulent altar of Gozag.
  7066 | D:7      | Reached XP level 9. HP: 74/74 MP: 10/10
  7605 | D:7      | Reached skill level 10 in Long Blades
  7653 | D:7      | Noticed Maurice
  7659 | D:7      | Maurice stole a ring of resist corrosion
  7682 | D:7      | Something stole 2 throwing nets
  7684 | D:7      | Something stole 75 gold
  7687 | D:7      | Something stole 242 gold
  7707 | D:7      | Killed Maurice
  8047 | D:7      | Found a sparkling altar of Nemelex Xobeh.
  8248 | D:7      | Reached skill level 11 in Long Blades
  8248 | D:7      | Reached XP level 10. HP: 84/84 MP: 12/12
  8250 | D:7      | Received a gift from Nemelex Xobeh
  8276 | D:7      | Found a shadowy altar of Dithmenos.
  8285 | D:7      | Found a stormy altar of Qazlal.
  8396 | D:7      | Found a shimmering blue altar of Sif Muna.
  8397 | D:7      | Found an ancient bone altar of Kikubaaqudgha.
  8397 | D:7      | Found a radiant altar of Vehumet.
  8480 | D:7      | Got Vehumet's Lectures on Attacks
  8495 | D:7      | Noticed Maggie
  8520 | D:7      | Killed Maggie
  8521 | D:7      | Reached skill level 5 in Invocations
  8774 | D:7      | Identified the +5 ring mail of Submission {Rampage rF++
                  | Int+4}
  8861 | D:7      | Found a glowing silver altar of Zin.
  8861 | D:7      | Found a white marble altar of Elyvilon.
  8861 | D:7      | Found a glowing golden altar of the Shining One.
  8902 | D:7      | Noticed a centaur warrior
  8912 | D:7      | Killed a centaur warrior
  9563 | D:8      | Reached skill level 10 in Armour
  9672 | D:8      | Found a shimmering altar of Xom.
  9937 | D:8      | Found an iron altar of Okawaru.
  9984 | D:8      | Received a gift from Nemelex Xobeh
 10084 | D:8      | Found a blossoming altar of Fedhas.
 10220 | D:9      | Reached skill level 12 in Long Blades
 10232 | D:9      | Reached **** piety under Nemelex Xobeh
 10657 | D:9      | Found a staircase to the Lair.
 10803 | D:9      | Reached XP level 11. HP: 87/94 MP: 14/14
 10950 | D:9      | Found a bloodstained altar of Trog.
 11205 | D:9      | Received a gift from Nemelex Xobeh
 11345 | D:10     | Entered Level 10 of the Dungeon
 11347 | D:10     | Noticed Josephine
 11489 | D:10     | Killed Josephine
 11512 | D:10     | Noticed a two-headed ogre
 11534 | D:10     | Killed a two-headed ogre
 11534 | D:10     | HP: 1/94 [centaur (4)]
 11535 | D:10     | Succumbed to a kobold brigand's curare-tipped dart

Illustrated notes

Levels and vault maps discovered:
D:1:      dpeg_arrival_leaves_temple_mockup, layout_loops_cross,
          chequers_ecumenical_altar_lobes, serial_shops,
          nicolae_shop_temple_entry_statues_fountains,
          ebering_dispersal_statue_hall
D:2:      layout_basic, minmay_tripent, uniq_robin
D:3:      layout_loops_ring, mainiacjoe_overflow_alcove_4,
          kennysheep_small_spiral
D:4:      layout_basic, jmf_multi_god_temple2, uniq_grinder
D:5:      layout_rooms, cheibriados_altar_1, portal_sewer_entry_b
D:6:      layout_loops_ring, nicolae_uskayaw_en_pointe, general_overflow_altar
D:7:      nzn_winding_woodlands_medium [nzn_winding_woodlands_5x5_closed_star,
          nzn_winding_woodlands_5x15_crooked, nzn_winding_woodlands_hourglass,
          nzn_winding_woodlands_5x5_checkerboard,
          nzn_winding_woodlands_center_garden,
          nzn_winding_woodlands_5x5_perimeter,
          nzn_winding_woodlands_5x5_open_star,
          nzn_winding_woodlands_5x15_zeroes, nzn_winding_woodlands_5x5_cross],
          layout_loops_ring, dreamdust_divine_triumvirate,
          grunt_temple_overflow_magic_moments, grunt_gozag_statues,
          nemelex_diamond_rough_becter, mainiacjoe_overflow_swirl, uniq_maggie,
          uniq_menkaure, uniq_maurice
D:8:      layout_rooms, amcnicky_altar_gilded, fedhas_altar_4,
          mainiacjoe_overflow_chevrons
D:9:      layout_basic, trog_butcher_becter, lair_entry_dummy,
          minmay_fractal_squares_gapless_5
D:10:     layout_rooms, mainiacjoe_overflow_tiny_flanked, kennysheep_mini_moat,
          orc_0_dummy, nicolae_shop_overcharged_wands, uniq_josephine

Skill      XL: |  1  2  3  4  5  6  7  8  9 10 11 |
---------------+----------------------------------+-----
Armour         | 4 5 6 7 9 11 | 11.6
Shields        | 4 5 6 8 |  8.5
Fighting       | 4 5 6 7 8 |  8.3
Long Blades    | 3 4 5 6 9 11 12 | 12.8
Invocations    | 1 2 3 4 5 6 |  6.1
Dodging        | 1 2 |  2.6
Evocations     | |  0.3

Action                     |  1- 3 |  4- 6 |  7- 9 | 10-12 || total
---------------------------+-------+-------+-------+-------++-------
  Melee: Long sword        |    98 |    76 |   337 |   328 ||   839
         Headbutt          |    13 |    13 |    73 |    87 ||   186
 Invoke: Draw Destruction  |     1 |     4 |     2 |     1 ||     8
         Draw Escape       |       |       |     3 |     1 ||     4
         Deal Four         |       |       |       |     1 ||     1
         Draw Summoning    |       |       |       |     1 ||     1
  Evoke: Wand              |       |       |     5 |       ||     5
    Use: Potion            |       |       |     4 |     6 ||    10
         Scroll            |       |       |     1 |     7 ||     8
 Armour: Scale mail        |    95 |       |       |       ||    95
         Chain mail        |     3 |    44 |   300 |   164 ||   511
         Plate armour      |       |       |       |   150 ||   150
  Dodge: Dodged            |    45 |    22 |   136 |   158 ||   361
  Block: Buckler           |    25 |    16 |   107 |   128 ||   276

Table legend: (Time is in decaauts)
 A = Elapsed time spent in this place.
 B = Non-inter-level travel time spent in this place.
 C = Inter-level travel time spent in this place.
 D = Time resting spent in this place.
 E = Time spent auto-exploring this place.
 F = Levels seen in this place.
 G = Mean time per level.
                   A        B        C        D        E       F      G
               +--------+--------+--------+--------+--------+-----+--------+
         Total |  11560 |  10804 |    756 |   2724 |   6379 |  10 | 1156.0 |
       Dungeon |  11560 |  10804 |    756 |   2724 |   6379 |  10 | 1156.0 |
               +--------+--------+--------+--------+--------+-----+--------+

Top non-repeatable levels by time:
     D:7: 2523 daAuts
     D:4: 1641 daAuts
     D:2: 1618 daAuts
     D:6: 1078 daAuts
     D:9: 1055 daAuts
     D:3: 951 daAuts
     D:8: 929 daAuts
     D:1: 825 daAuts
     D:5: 724 daAuts
    D:10: 214 daAuts
